AoeStats
← xxzxg_Nono

Arena

510270197Analyzed
3v3 RM · 2d ago on Sep 30, 2026· 51m 18s· 6 players
Game mode
Random Map
Map size
Normal (6 player)
Population
200
Speed
Normal
Resources
Standard
Victory
Conquest
Starting age
Dark Age
Ending age
Imperial Age
RankedLock teamsTeams togetherTeam positionsShared explorationLock speedFull tech treeHidden civsTurbo modeCheats
Victory
Defeat
🇨🇳 Spanish · China
1028
+12
🇫🇷 Tatars · France
961
+14
🇪🇬 Britons · Egypt
907
+16
🇮🇹 Danes · Italy
945
-15
🇷🇴 Teutons · Romania
930
-14
🇮🇹 Franks · Italy
899
-13
BillyBat
9:56 Feudal Age
11:29 Wheelbarrow
15:50 Castle Age
13:58 Double-Bit Axe
13:57 Horse Collar
15:33 Forging
15:28 Scale Barding Armor
16:10 Stone Mining
24:14 Hand Cart
24:58 Gold Mining
25:56 Bow Saw
27:12 Heavy Plow
30:32 Gold Shaft Mining
34:27 Imperial Age
33:10 Husbandry
33:20 Bloodlines
34:09 Ballistics
33:59 Fortified Wall
33:45 Murder Holes
35:55 Iron Casting
35:40 Chain Barding Armor
35:43 Conscription
34:59 Elite Keshik
35:51 Silk Armor
36:02 Timurid Siegecraft
36:12 Heated Shot
37:47 Blast Furnace
38:18 Crop Rotation
38:52 Plate Barding Armor
38:08 Fletching
40:48 Heavy Cavalry Archer
41:28 Bodkin Arrow
43:52 Bracer
Hazem
0:26 Loom
10:41 Feudal Age
16:31 Castle Age
14:47 Fletching
14:57 Padded Archer Armor
14:49 Double-Bit Axe
22:35 Gold Mining
23:39 Wheelbarrow
23:24 Pikeman
26:36 Gold Shaft Mining
27:05 Bow Saw
30:21 Horse Collar
30:30 Town Watch
31:41 Heavy Plow
35:20 Imperial Age
33:45 Hand Cart
34:00 Ballistics
34:45 Leather Archer Armor
34:25 Bodkin Arrow
35:55 Husbandry
35:21 Light Cavalry
37:33 Conscription
42:00 Warwolf
42:09 Elite Longbowman
43:57 Chemistry
42:59 Bracer
43:29 Ring Archer Armor
43:10 Forging
43:01 Scale Mail Armor
44:34 Scale Barding Armor
44:34 Halberdier
45:14 Squires
48:49 Iron Casting
48:29 Chain Mail Armor
50:38 Cavalier
50:47 Cavalier
51:50 Chain Barding Armor
52:32 Blast Furnace
52:02 Plate Mail Armor
xxzxg_Nono
7:38 Loom
10:55 Feudal Age
15:51 Castle Age
13:40 Double-Bit Axe
13:36 Horse Collar
24:23 Heavy Plow
30:49 Imperial Age
29:36 Wheelbarrow
29:09 Husbandry
29:45 Pikeman
30:26 Squires
30:42 Forging
30:58 Ballistics
32:32 Chemistry
31:57 Conscription
32:09 Scale Mail Armor
32:44 Iron Casting
33:02 Gold Mining
33:05 Stone Mining
34:08 Bow Saw
33:27 Halberdier
34:34 Caravan
36:32 Onager
39:27 Blast Furnace
38:42 Chain Mail Armor
38:48 Elite Conquistador
42:04 Two-Man Saw
43:55 Plate Mail Armor
45:07 Masonry
45:19 Arson
45:40 Padded Archer Armor
47:24 Stone Shaft Mining
48:09 Leather Archer Armor
50:15 Spies/Treason
IOZIF
12:17 Feudal Age
13:13 Double-Bit Axe
13:35 Loom
16:20 Castle Age
14:55 Horse Collar
15:41 Stone Mining
16:55 Wheelbarrow
17:20 Bow Saw
17:12 Heavy Plow
20:27 Fletching
29:56 Gold Mining
34:40 Imperial Age
33:04 Scale Barding Armor
33:32 Forging
34:13 Hand Cart
34:47 Bloodlines
35:58 Chain Barding Armor
36:15 Conscription
35:39 Cavalier
38:51 Plate Barding Armor
41:58 Iron Casting
41:51 Onager
48:11 Siege Engineers
49:13 Blast Furnace
Julian
8:26 Loom
10:51 Feudal Age
13:20 Double-Bit Axe
21:14 Castle Age
21:17 Fletching
21:28 Padded Archer Armor
22:11 Bodkin Arrow
23:04 Stone Mining
23:08 Gold Mining
30:39 Elite Skirmisher
33:38 Gold Shaft Mining
38:39 Imperial Age
36:49 Wheelbarrow
R A T I G H E R
5:32 Loom
11:08 Feudal Age
14:58 Wheelbarrow
14:41 Forging
17:22 Castle Age
15:50 Double-Bit Axe
15:48 Horse Collar
16:29 Scale Mail Armor
18:52 Bow Saw
20:12 Heavy Plow
29:53 Fletching
29:53 Gambesons
30:11 Squires
31:42 Gold Mining
31:48 Stone Mining
32:49 Bodkin Arrow
33:20 Ballistics
36:07 Imperial Age
35:40 Iron Casting
35:53 Thumb Ring
36:05 Chain Mail Armor
35:36 Hamask
38:00 Blast Furnace
36:32 Cranequins
38:04 Bracer
38:56 Plate Mail Armor
38:29 Elite Varangian Guard
39:03 Heavy Mounted Crossbowman
41:03 Hand Cart
40:24 Elite Varangian Guard
41:13 Padded Archer Armor
42:20 Chemistry
42:11 Leather Archer Armor
41:22 Elite Varangian Guard
42:31 Conscription
44:29 Ring Archer Armor
44:11 Cranequins
45:17 Bloodlines
45:10 Husbandry
Connection lost

Rejoining the realm…

Still unreachable

The connection could not be restored.

Session expired

The server has moved on; the page needs a fresh start.